 Dungeon Crawl Stone Soup version 0.20.1-1-g8b1a95d (webtiles) character file.

104 Goboxel the Slasher (level 4, -2/40 HPs)
             Began as a Draconian Monk on Aug 7, 2017.
             Slain by a mummy (14 damage)
             ... in an ossuary.
             The game lasted 00:03:00 (2055 turns).

Goboxel the Slasher (Draconian Monk)                Turns: 2055, Time: 00:03:00

Health: -2/40      AC:  5    Str: 14    XL:     4   Next: 52%
Magic:  4/4        EV: 13    Int: 10    God:
Gold:   109        SH:  0    Dex: 14    Spells: 3/3 levels left

rFire    + . .     SeeInvis .   a - +1 falchion
rCold    + . .     Gourm    .   (no shield)
rNeg     . . .     Faith    .   (armour unavailable)
rPois    .         Spirit   .   (helmet restricted)
rElec    .         Reflect  .   e - scarf {rC+ rF+}
rCorr    .         Harm     .   (no gloves)
MR       .....                  (no boots)
Stlth    ++........             (no amulet)
Regen    0.2/turn               (no ring)
MPRegen  0.1/turn               (no ring)

@: no status effects
A: unfitting armour, cold-blooded, AC +5
a: no special abilities


You were in an ossuary.
You were hungry.

You visited 1 branch of the dungeon, and saw 4 of its levels.
You also visited: Ossuary.

You collected 109 gold pieces.

Inventory:

Hand Weapons
 a - a +1 falchion (weapon)
Armour
 e - a scarf of resistance (worn)
Scrolls
 k - a scroll of teleportation
 m - a scroll of amnesia
Potions
 i - 2 potions of degeneration
 j - a potion of curing
 l - a potion of resistance
Comestibles
 b - a bread ration
 d - a royal jelly
 f - 4 fruits
 g - 2 meat rations


   Skills:
 + Level 4.1 Fighting
 * Level 4.3 Long Blades
 + Level 3.3 Dodging
 - Level 1.7 Stealth


You had 3 spell levels left.
You didn't know any spells.

Dungeon Overview and Level Annotations

Branches:
Dungeon (5/15)
 Temple: D:4-7

Altars:
Elyvilon
Makhleb


Innate Abilities, Weirdness & Mutations

Your plain brown scales are hard. (AC +5)
You cannot fit into any form of body armour.
You are cold-blooded and may be slowed by cold attacks.


Message History

The kobold zombie is heavily damaged.
You hit the mummy but do no damage. The kobold zombie closely misses you.
The mummy hits you!
You barely miss the mummy. The kobold zombie misses you.
The kobold zombie barely misses you.
You completely miss the mummy.
The kobold zombie hits you but does no damage.
The mummy closely misses you. The kobold zombie barely misses you.
You hit the mummy.
The mummy is lightly damaged.
The kobold zombie misses you. x2; The mummy hits you.
You hit the mummy.
The mummy is lightly damaged.
The kobold zombie misses you.
You closely miss the mummy.
The mummy is lightly damaged.
The kobold zombie closely misses you. The kobold zombie hits you.
* * * LOW HITPOINT WARNING * * *
The mummy hits you!
You die...

#....#
#....#
#....#
#....#
#....#
#....#
#....#
#MZ..#
#@ZZ.#
######


You could see a mummy, a hobgoblin zombie and 2 kobold zombies.

Vanquished Creatures
  A crimson imp (D:5)
  A hound zombie (D:5)
  A mummy (D:5)
  4 dart slugs (D:1)
  An orc (D:3)
  4 bats
  3 goblins
  4 hobgoblins
  2 jackals (D:2)
  2 kobolds
  4 frilled lizards (D:1)
  A gnoll zombie (Ossuary)
  3 orc zombies (Ossuary)
  A quokka zombie (D:5)
  7 rats
39 creatures vanquished.

Notes
Turn   | Place    | Note
-------+----------+-------------------------------------------
     0 | D:1      | Goboxel the Draconian Monk began the quest for the Orb.
     0 | D:1      | Reached XP level 1. HP: 19/19 MP: 1/1
   170 | D:1      | Reached XP level 2. HP: 26/26 MP: 2/2
  1042 | D:2      | Reached XP level 3. HP: 33/33 MP: 3/3
  1278 | D:2      | Found a burning altar of Makhleb.
  1278 | D:2      | Found a white marble altar of Elyvilon.
  1721 | D:3      | You fall through a shaft for 2 floors!
  1721 | D:5      | Entered Level 5 of the Dungeon
  1754 | D:5      | Reached XP level 4. HP: 24/40 MP: 4/4
  1821 | D:5      | Found a sand-covered staircase.
  2023 | Ossuary  | Entered an ossuary
  2055 | Ossuary  | Slain by a mummy

Skill      XL: |  1  2  3 |
---------------+----------+-----
Dodging        | 3 |  3.3
Fighting       | 4 |  4.1
Long Blades    | 4 |  4.3
Stealth        | |  1.7

Action                   |  1- 3 |  4- 6 || total
-------------------------+-------+-------++-------
Melee: Falchion          |    82 |    28 ||   110
       Tailslap          |    10 |     6 ||    16
  Use: Scroll            |       |     6 ||     6
 Stab: Sleeping          |     2 |       ||     2
  Eat: Chunk             |     3 |       ||     3
Armor: Skin              |    23 |    11 ||    34
Dodge: Dodged            |    57 |    23 ||    80
       Rpst.: Falchion   |    25 |     5 ||    30
